[ AOE2 MATCH · #458953701 ]
UnrankedTurks vs Italians
[ REPLAY ANALYSIS · EXTRACTED FROM THE RECORDED GAME ]
Feudal
11:55
Castle
15:26
Imperial
32:11
| APM avg | 27.8 |
| APM peak | 60 |
| eAPM avg | 18.6 |
| Villagers / military | 122 / 52 |
Focus
⚔️ 18.6% · 🌾 81.4%
Janissary ×42 · Bombard Cannon ×7 · Mangonel ×3
Feudal
12:09
Castle
19:37
Imperial
28:33
| APM avg | 21.4 |
| APM peak | 69 |
| eAPM avg | 12.9 |
| Villagers / military | 97 / 77 |
Focus
⚔️ 30.2% · 🌾 69.8%
Spearman ×32 · Knight ×31 · Coustillier ×5 · Scout Cavalry ×4 · Bombard Cannon ×3 · Flemish Militia ×1
Feudal
11:12
Castle
15:00
Imperial
37:53
| APM avg | 35.8 |
| APM peak | 64 |
| eAPM avg | 19.5 |
| Villagers / military | 152 / 149 |
Focus
⚔️ 29.6% · 🌾 70.4%
Knight ×72 · Scout Cavalry ×67 · Genoese Crossbowman ×9 · Monk ×1
Feudal
12:16
Castle
17:37
Imperial
—
| APM avg | 19.1 |
| APM peak | 62 |
| eAPM avg | 9.1 |
| Villagers / military | 65 / 37 |
Focus
⚔️ 23.2% · 🌾 76.8%
Archer ×27 · Spearman ×10
Feudal
9:26
Castle
16:35
Imperial
37:12
| APM avg | 35.2 |
| APM peak | 69 |
| eAPM avg | 21.2 |
| Villagers / military | 140 / 129 |
Focus
⚔️ 32.9% · 🌾 67.1%
Samurai ×90 · Spearman ×25 · Battering Ram ×12 · Petard ×2
Feudal
10:32
Castle
13:46
Imperial
—
| APM avg | 14.2 |
| APM peak | 57 |
| eAPM avg | 8.4 |
| Villagers / military | 93 / 3 |
Focus
⚔️ 17.6% · 🌾 82.4%
Battering Ram ×1 · Mangonel ×1 · Scorpion ×1
Feudal
10:35
Castle
14:42
Imperial
36:03
| APM avg | 24.9 |
| APM peak | 47 |
| eAPM avg | 15.8 |
| Villagers / military | 161 / 24 |
Focus
⚔️ 15.9% · 🌾 84.1%
Hussite Wagon ×24
Feudal
11:52
Castle
15:54
Imperial
30:39
| APM avg | 30.0 |
| APM peak | 69 |
| eAPM avg | 14.5 |
| Villagers / military | 172 / 93 |
Focus
⚔️ 16.5% · 🌾 83.5%
Mameluke ×86 · Trebuchet (Packed) ×6 · Battering Ram ×1
Match map
Initial resources + every placement click. Lines = walls · curves = elevation contours. ◆ gold · ⬟ stone · ● berries · ✦ relic · ◌ wall gap
Your base· ✓ Closed at 15:26 · 0t walls · 2 gate(s)
MarySable's base· ✓ Closed at 19:37 · 0t walls · 3 gate(s)
Torpenhow's base· ✓ Closed at 15:00 · 0t walls · 3 gate(s)
Preft's base· ✓ Closed at 17:37 · 4t walls · 3 gate(s)
Booming_is_my_gamee!!!'s base· ✓ Closed at 16:35 · 0t walls · 2 gate(s)
NPC's base· ✓ Closed at 13:46 · 0t walls · 3 gate(s)
化劲省二's base· ✓ Closed at 14:42 · 0t walls · 3 gate(s)
Halsey's base· ✓ Closed at 15:54 · 0t walls · 2 gate(s)
Smoothed initial terrain · ◌ = detected wall gap · hover for details
Inputs per minute
— evren000000 - - MarySable
Build order — evren000000
First 150 of 307 actions detected
| 0:01 | Create | Villager (Male) |
| 0:01 | Create | Villager (Male) |
| 0:02 | Create | Villager (Male) |
| 0:02 | Create | Villager (Male) |
| 0:03 | Build | House |
| 0:05 | Build | House |
| 1:25 | Create | Villager (Male) |
| 1:46 | Build | House |
| 1:47 | Build | House |
| 2:12 | Create | Villager (Male) |
| 2:19 | Build | Lumber Camp |
| 2:23 | Create | Villager (Male) |
| 3:05 | Create | Villager (Male) |
| 3:06 | Create | Villager (Male) |
| 3:06 | Create | Villager (Male) |
| 3:46 | Create | Villager (Male) |
| 3:46 | Create | Villager (Male) |
| 4:29 | Create | Villager (Male) |
| 4:50 | Build | Mill |
| 4:54 | Create | Villager (Male) |
| 4:54 | Create | Villager (Male) |
| 4:54 | Create | Villager (Male) |
| 5:49 | Create | Villager (Male) |
| 5:50 | Create | Villager (Male) |
| 6:12 | Create | Villager (Male) |
| 6:13 | Create | Villager (Male) |
| 6:44 | Create | Villager (Male) |
| 7:11 | Create | Villager (Male) |
| 7:34 | Create | Villager (Male) |
| 7:34 | Create | Villager (Male) |
| 7:35 | Create | Villager (Male) |
| 7:43 | Build | House |
| 9:06 | Build | Mining Camp |
| 9:42 | Research | Feudal Age |
| 9:51 | Build | Mining Camp |
| 9:54 | Create | Villager (Male) |
| 9:55 | Create | Villager (Male) |
| 11:47 | Build | Farm |
| 11:48 | Build | Farm |
| 11:55 | Age | Feudal Age |
| 11:58 | Build | Blacksmith |
| 12:05 | Build | Market |
| 12:43 | Research | Castle Age |
| 12:58 | Research | Horse Collar |
| 13:00 | Research | Double-Bit Axe |
| 13:05 | Build | Farm |
| 13:11 | Build | Farm |
| 13:18 | Build | Farm |
| 13:35 | Build | Farm |
| 13:59 | Build | Farm |
| 14:10 | Build | Farm |
| 14:11 | Build | Farm |
| 15:08 | Create | Villager (Male) |
| 15:10 | Create | Villager (Male) |
| 15:18 | Research | Stone Mining |
| 15:26 | Age | Castle Age |
| 15:27 | Build | Town Center |
| 15:37 | Create | Villager (Male) |
| 16:17 | Create | Villager (Male) |
| 16:18 | Create | Villager (Male) |
| 17:02 | Build | Castle |
| 17:08 | Create | Villager (Male) |
| 17:08 | Create | Villager (Male) |
| 17:10 | Create | Villager (Male) |
| 17:10 | Create | Villager (Male) |
| 17:14 | Build | Siege Workshop |
| 17:30 | Build | House |
| 17:31 | Build | House |
| 17:34 | Build | House |
| 17:42 | Build | House |
| 17:43 | Build | House |
| 17:44 | Build | House |
| 18:04 | Create | Villager (Male) |
| 18:13 | Build | House |
| 18:16 | Build | House |
| 18:20 | Build | House |
| 18:24 | Build | Stone Wall |
| 18:55 | Create | Villager (Male) |
| 18:57 | Create | Villager (Male) |
| 19:17 | Build | House |
| 19:23 | Create | Janissary |
| 19:23 | Create | Janissary |
| 19:27 | Create | Villager (Male) |
| 19:30 | Research | Loom |
| 19:56 | Create | Janissary |
| 20:12 | Create | Janissary |
| 20:22 | Create | Janissary |
| 21:35 | Create | Mangonel |
| 21:40 | Create | Villager (Male) |
| 21:41 | Create | Villager (Male) |
| 21:42 | Create | Villager (Male) |
| 21:42 | Create | Villager (Male) |
| 21:43 | Create | Villager (Male) |
| 22:00 | Build | Palisade Wall |
| 22:07 | Build | Palisade Wall |
| 22:10 | Build | Palisade Wall |
| 22:20 | Create | Janissary |
| 22:37 | Create | Villager (Male) |
| 22:43 | Create | Janissary |
| 22:51 | Build | Town Center |
| 22:55 | Build | Town Center |
| 23:19 | Create | Villager (Male) |
| 23:19 | Create | Villager (Male) |
| 23:26 | Build | Farm |
| 23:26 | Build | Farm |
| 23:26 | Build | Farm |
| 23:26 | Build | Farm |
| 23:27 | Build | Farm |
| 23:27 | Build | Farm |
| 23:28 | Build | Farm |
| 23:29 | Build | Farm |
| 24:10 | Create | Janissary |
| 24:11 | Create | Janissary |
| 24:36 | Create | Janissary |
| 24:36 | Create | Janissary |
| 24:40 | Create | Villager (Male) |
| 24:41 | Build | Farm |
| 24:42 | Build | Farm |
| 24:42 | Build | Farm |
| 24:48 | Build | Farm |
| 24:48 | Build | Farm |
| 24:48 | Build | Farm |
| 24:49 | Build | Farm |
| 24:50 | Build | Farm |
| 24:50 | Build | Farm |
| 24:50 | Build | Farm |
| 24:51 | Build | Farm |
| 24:51 | Build | Farm |
| 24:51 | Build | Farm |
| 24:52 | Build | Farm |
| 24:52 | Build | Farm |
| 24:52 | Build | Farm |
| 24:52 | Build | Farm |
| 24:53 | Build | Farm |
| 24:53 | Build | Farm |
| 24:53 | Build | Farm |
| 24:54 | Build | Farm |
| 24:54 | Build | Farm |
| 24:54 | Build | Farm |
| 24:59 | Create | Villager (Male) |
| 25:39 | Create | Janissary |
| 25:40 | Create | Janissary |
| 25:48 | Create | Villager (Male) |
| 25:49 | Create | Villager (Male) |
| 25:51 | Build | Farm |
| 25:52 | Build | Farm |
| 25:52 | Build | Farm |
| 25:54 | Build | Farm |
| 25:54 | Build | Farm |
| 25:55 | Build | Farm |
Build order — MarySable
First 150 of 323 actions detected
| 0:02 | Create | Villager (Male) |
| 0:02 | Research | Loom |
| 0:02 | Create | Villager (Male) |
| 0:03 | Create | Villager (Male) |
| 0:03 | Create | Villager (Male) |
| 0:07 | Build | House |
| 0:21 | Build | House |
| 0:23 | Build | House |
| 0:24 | Build | House |
| 1:32 | Create | Villager (Male) |
| 2:07 | Build | Lumber Camp |
| 2:16 | Create | Villager (Male) |
| 3:10 | Create | Villager (Male) |
| 3:42 | Create | Villager (Male) |
| 3:42 | Create | Villager (Male) |
| 4:19 | Create | Villager (Male) |
| 4:19 | Create | Villager (Male) |
| 5:24 | Create | Villager (Male) |
| 5:24 | Create | Villager (Male) |
| 5:31 | Research | Double-Bit Axe |
| 6:09 | Create | Villager (Male) |
| 6:09 | Create | Villager (Male) |
| 6:13 | Research | Wheelbarrow |
| 6:28 | Create | Villager (Male) |
| 7:00 | Build | Mill |
| 7:06 | Create | Villager (Male) |
| 8:11 | Create | Villager (Male) |
| 8:11 | Create | Villager (Male) |
| 8:24 | Build | Lumber Camp |
| 8:31 | Build | Lumber Camp |
| 8:37 | Create | Villager (Male) |
| 9:22 | Create | Villager (Male) |
| 9:48 | Research | Feudal Age |
| 10:03 | Build | Mining Camp |
| 10:17 | Research | Horse Collar |
| 10:47 | Build | House |
| 10:54 | Research | Gold Mining |
| 11:22 | Create | Villager (Male) |
| 11:23 | Create | Villager (Male) |
| 11:50 | Create | Villager (Male) |
| 12:09 | Age | Feudal Age |
| 12:10 | Research | Heavy Plow |
| 12:33 | Build | Farm |
| 12:34 | Build | Farm |
| 12:35 | Build | Farm |
| 12:36 | Build | Farm |
| 12:59 | Build | Farm |
| 13:00 | Build | Farm |
| 13:04 | Build | Farm |
| 13:05 | Build | Farm |
| 13:10 | Build | Blacksmith |
| 13:19 | Create | Villager (Male) |
| 13:23 | Research | Hand Cart |
| 13:54 | Build | Market |
| 14:14 | Build | House |
| 14:22 | Create | Villager (Male) |
| 14:26 | Build | Farm |
| 14:30 | Build | Farm |
| 14:54 | Build | Farm |
| 14:56 | Create | Villager (Male) |
| 15:08 | Build | Farm |
| 15:10 | Build | Farm |
| 15:21 | Create | Villager (Male) |
| 15:43 | Build | House |
| 15:55 | Create | Villager (Male) |
| 16:05 | Build | House |
| 16:07 | Build | House |
| 16:08 | Build | House |
| 16:26 | Create | Villager (Male) |
| 16:37 | Build | Mining Camp |
| 16:57 | Research | Castle Age |
| 17:22 | Build | House |
| 17:23 | Build | House |
| 17:46 | Research | Bow Saw |
| 18:07 | Research | Stone Mining |
| 18:10 | Create | Villager (Male) |
| 18:14 | Build | House |
| 18:50 | Create | Villager (Male) |
| 18:50 | Create | Villager (Male) |
| 19:01 | Build | House |
| 19:08 | Create | Villager (Male) |
| 19:08 | Create | Villager (Male) |
| 19:37 | Age | Castle Age |
| 19:40 | Build | Town Center |
| 19:47 | Build | Town Center |
| 20:10 | Build | Barracks |
| 20:20 | Create | Villager (Male) |
| 20:54 | Create | Villager (Male) |
| 20:55 | Create | Villager (Male) |
| 21:09 | Create | Flemish Militia |
| 21:29 | Create | Villager (Male) |
| 21:30 | Create | Villager (Male) |
| 21:30 | Create | Villager (Male) |
| 21:31 | Create | Villager (Male) |
| 21:31 | Create | Villager (Male) |
| 22:02 | Build | Farm |
| 22:03 | Build | Farm |
| 22:04 | Build | Farm |
| 22:06 | Build | Farm |
| 22:07 | Create | Villager (Male) |
| 22:10 | Create | Villager (Male) |
| 22:10 | Create | Villager (Male) |
| 22:14 | Create | Villager (Male) |
| 22:14 | Create | Villager (Male) |
| 22:22 | Build | Farm |
| 22:25 | Build | Farm |
| 22:28 | Build | Farm |
| 22:30 | Build | Farm |
| 22:34 | Create | Villager (Male) |
| 22:59 | Build | Stable |
| 23:08 | Create | Villager (Male) |
| 23:08 | Create | Villager (Male) |
| 23:11 | Create | Villager (Male) |
| 23:37 | Create | Villager (Male) |
| 23:37 | Create | Villager (Male) |
| 23:39 | Create | Villager (Male) |
| 24:17 | Build | Monastery |
| 24:22 | Build | University |
| 24:42 | Build | Stable |
| 24:52 | Create | Villager (Male) |
| 24:52 | Create | Villager (Male) |
| 24:54 | Create | Villager (Male) |
| 24:58 | Build | Farm |
| 24:59 | Build | Farm |
| 25:02 | Build | Farm |
| 25:04 | Build | Farm |
| 25:06 | Build | Farm |
| 25:23 | Research | Imperial Age |
| 25:30 | Build | Stable |
| 25:37 | Create | Villager (Male) |
| 25:47 | Create | Villager (Male) |
| 25:56 | Research | Forging |
| 26:03 | Create | Knight |
| 26:03 | Create | Knight |
| 26:13 | Build | Castle |
| 26:23 | Create | Villager (Male) |
| 26:23 | Create | Villager (Male) |
| 26:25 | Build | Farm |
| 26:26 | Build | Farm |
| 26:30 | Build | Farm |
| 26:32 | Create | Villager (Male) |
| 26:35 | Create | Villager (Male) |
| 26:49 | Build | Stable |
| 27:01 | Build | House |
| 27:02 | Build | House |
| 27:03 | Build | House |
| 27:11 | Create | Villager (Male) |
| 27:14 | Create | Villager (Male) |
| 27:18 | Research | Cavalier (upgrade) |
| 27:18 | Research | Husbandry |
Build order — Torpenhow
First 150 of 445 actions detected
| 0:01 | Create | Villager (Male) |
| 0:01 | Create | Villager (Male) |
| 0:02 | Build | House |
| 0:04 | Build | House |
| 0:23 | Create | Villager (Male) |
| 0:23 | Create | Villager (Male) |
| 0:23 | Create | Villager (Male) |
| 1:39 | Create | Villager (Male) |
| 1:39 | Create | Villager (Male) |
| 1:56 | Build | Lumber Camp |
| 2:02 | Create | Villager (Male) |
| 2:02 | Create | Villager (Male) |
| 2:17 | Create | Villager (Male) |
| 2:17 | Create | Villager (Male) |
| 2:41 | Create | Villager (Male) |
| 3:37 | Create | Villager (Male) |
| 3:37 | Create | Villager (Male) |
| 3:38 | Create | Villager (Male) |
| 4:00 | Create | Villager (Male) |
| 4:06 | Build | House |
| 4:07 | Build | Mill |
| 4:25 | Create | Villager (Male) |
| 4:25 | Create | Villager (Male) |
| 4:52 | Create | Villager (Male) |
| 4:52 | Create | Villager (Male) |
| 5:16 | Create | Villager (Male) |
| 5:16 | Create | Villager (Male) |
| 5:56 | Create | Villager (Male) |
| 5:56 | Create | Villager (Male) |
| 6:01 | Build | House |
| 6:29 | Create | Villager (Male) |
| 6:29 | Create | Villager (Male) |
| 6:29 | Create | Villager (Male) |
| 6:33 | Create | Villager (Male) |
| 6:55 | Create | Villager (Male) |
| 8:26 | Research | Feudal Age |
| 8:52 | Build | Farm |
| 8:55 | Build | Farm |
| 8:57 | Build | Farm |
| 9:12 | Build | Mining Camp |
| 9:34 | Create | Villager (Male) |
| 11:12 | Age | Feudal Age |
| 11:14 | Build | Market |
| 11:18 | Build | Blacksmith |
| 11:27 | Create | Villager (Male) |
| 11:29 | Build | House |
| 12:06 | Research | Castle Age |
| 12:14 | Research | Double-Bit Axe |
| 12:28 | Create | Villager (Male) |
| 12:51 | Research | Horse Collar |
| 13:41 | Create | Villager (Male) |
| 13:44 | Research | Loom |
| 13:48 | Create | Villager (Male) |
| 13:48 | Create | Villager (Male) |
| 14:33 | Build | Farm |
| 15:00 | Age | Castle Age |
| 15:02 | Build | Town Center |
| 15:14 | Build | Town Center |
| 15:18 | Create | Villager (Male) |
| 15:18 | Create | Villager (Male) |
| 15:18 | Create | Villager (Male) |
| 15:41 | Create | Villager (Male) |
| 15:43 | Create | Villager (Male) |
| 15:43 | Create | Villager (Male) |
| 15:43 | Create | Villager (Male) |
| 15:50 | Research | Bow Saw |
| 15:52 | Research | Heavy Plow |
| 16:01 | Build | Farm |
| 16:03 | Build | Farm |
| 16:25 | Create | Villager (Male) |
| 16:25 | Create | Villager (Male) |
| 16:52 | Create | Villager (Male) |
| 16:52 | Create | Villager (Male) |
| 16:53 | Create | Villager (Male) |
| 16:56 | Build | Farm |
| 17:03 | Build | Farm |
| 17:07 | Build | Farm |
| 17:08 | Build | Farm |
| 17:08 | Build | Farm |
| 17:08 | Build | Farm |
| 17:10 | Create | Villager (Male) |
| 17:10 | Create | Villager (Male) |
| 17:23 | Build | Barracks |
| 17:27 | Create | Villager (Male) |
| 17:27 | Create | Villager (Male) |
| 17:34 | Build | House |
| 17:49 | Build | Farm |
| 17:51 | Build | Farm |
| 17:54 | Create | Villager (Male) |
| 17:55 | Create | Villager (Male) |
| 17:58 | Build | Farm |
| 18:00 | Create | Villager (Male) |
| 18:31 | Build | Farm |
| 18:31 | Build | Farm |
| 18:31 | Build | Farm |
| 18:32 | Build | Farm |
| 18:49 | Build | Stable |
| 19:11 | Create | Villager (Male) |
| 19:12 | Build | Farm |
| 19:14 | Build | Farm |
| 19:25 | Create | Villager (Male) |
| 19:25 | Create | Villager (Male) |
| 19:48 | Build | Archery Range |
| 20:20 | Create | Villager (Male) |
| 20:20 | Create | Villager (Male) |
| 20:25 | Research | Wheelbarrow |
| 20:28 | Build | House |
| 20:28 | Build | House |
| 20:43 | Research | Bloodlines |
| 20:44 | Create | Knight |
| 20:44 | Create | Knight |
| 20:48 | Build | Stable |
| 20:52 | Create | Villager (Male) |
| 20:52 | Create | Villager (Male) |
| 20:53 | Create | Villager (Male) |
| 20:58 | Create | Villager (Male) |
| 20:58 | Create | Villager (Male) |
| 21:18 | Research | Scale Barding Armor |
| 21:22 | Build | House |
| 21:30 | Create | Villager (Male) |
| 21:35 | Build | Farm |
| 21:35 | Build | Farm |
| 21:35 | Build | Farm |
| 21:39 | Build | Farm |
| 21:43 | Build | Farm |
| 21:45 | Create | Villager (Male) |
| 21:51 | Build | Farm |
| 21:58 | Create | Knight |
| 22:10 | Create | Villager (Male) |
| 22:10 | Create | Villager (Male) |
| 22:18 | Create | Knight |
| 22:25 | Build | Farm |
| 22:29 | Build | Farm |
| 22:38 | Create | Villager (Male) |
| 22:38 | Create | Villager (Male) |
| 22:44 | Build | Farm |
| 22:56 | Create | Knight |
| 22:56 | Create | Knight |
| 23:25 | Research | Husbandry |
| 23:26 | Create | Knight |
| 23:26 | Create | Knight |
| 23:57 | Research | Chain Barding Armor |
| 24:03 | Create | Knight |
| 24:03 | Create | Knight |
| 24:04 | Create | Knight |
| 24:08 | Build | Stable |
| 24:11 | Create | Villager (Male) |
| 24:12 | Create | Villager (Male) |
| 24:13 | Create | Villager (Male) |
| 24:25 | Build | Mining Camp |
Build order — Preft
First 150 of 167 actions detected
| 0:02 | Build | House |
| 0:04 | Build | House |
| 0:06 | Create | Villager (Male) |
| 0:06 | Create | Villager (Male) |
| 0:06 | Create | Villager (Male) |
| 0:07 | Create | Villager (Male) |
| 0:07 | Create | Villager (Male) |
| 1:32 | Create | Villager (Male) |
| 1:33 | Create | Villager (Male) |
| 1:59 | Research | Loom |
| 2:10 | Create | Villager (Male) |
| 2:17 | Create | Villager (Male) |
| 2:17 | Create | Villager (Male) |
| 2:57 | Create | Villager (Male) |
| 2:57 | Create | Villager (Male) |
| 3:14 | Build | Lumber Camp |
| 3:39 | Create | Villager (Male) |
| 3:39 | Create | Villager (Male) |
| 3:39 | Create | Villager (Male) |
| 4:00 | Build | House |
| 4:03 | Build | House |
| 4:31 | Create | Villager (Male) |
| 4:31 | Create | Villager (Male) |
| 4:55 | Build | House |
| 5:54 | Create | Villager (Male) |
| 5:54 | Create | Villager (Male) |
| 5:54 | Create | Villager (Male) |
| 5:55 | Create | Villager (Male) |
| 7:12 | Create | Villager (Male) |
| 7:12 | Create | Villager (Male) |
| 7:12 | Create | Villager (Male) |
| 7:12 | Create | Villager (Male) |
| 8:02 | Build | Mill |
| 8:15 | Create | Villager (Male) |
| 8:15 | Create | Villager (Male) |
| 9:49 | Build | Mining Camp |
| 9:57 | Research | Feudal Age |
| 10:37 | Build | Farm |
| 10:38 | Build | Farm |
| 10:38 | Build | Farm |
| 10:39 | Build | Farm |
| 10:40 | Build | Farm |
| 10:41 | Build | Farm |
| 10:42 | Build | Farm |
| 10:43 | Build | Farm |
| 11:19 | Create | Villager (Male) |
| 11:20 | Create | Villager (Male) |
| 11:36 | Build | Barracks |
| 12:00 | Build | House |
| 12:16 | Age | Feudal Age |
| 12:30 | Research | Double-Bit Axe |
| 12:32 | Research | Horse Collar |
| 12:46 | Create | Villager (Male) |
| 12:47 | Create | Villager (Male) |
| 12:47 | Create | Villager (Male) |
| 12:55 | Build | Archery Range |
| 13:13 | Build | Farm |
| 13:19 | Build | Blacksmith |
| 14:02 | Create | Villager (Male) |
| 14:03 | Create | Villager (Male) |
| 14:07 | Create | Archer |
| 14:07 | Create | Archer |
| 14:07 | Create | Archer |
| 14:26 | Build | Farm |
| 14:39 | Build | House |
| 14:57 | Research | Castle Age |
| 15:21 | Create | Archer |
| 15:32 | Build | House |
| 15:33 | Build | House |
| 15:36 | Build | House |
| 15:38 | Build | House |
| 15:51 | Research | Gold Mining |
| 15:53 | Create | Archer |
| 16:21 | Create | Spearman |
| 16:21 | Create | Spearman |
| 16:21 | Create | Spearman |
| 16:57 | Create | Spearman |
| 17:02 | Create | Archer |
| 17:02 | Create | Archer |
| 17:07 | Research | Padded Archer Armor |
| 17:10 | Create | Villager (Male) |
| 17:10 | Create | Villager (Male) |
| 17:11 | Create | Villager (Male) |
| 17:26 | Build | Stone Wall |
| 17:29 | Build | Gate |
| 17:37 | Age | Castle Age |
| 17:39 | Research | Bow Saw |
| 17:42 | Research | Heavy Plow |
| 18:18 | Create | Villager (Male) |
| 18:22 | Research | Stone Mining |
| 18:30 | Build | Farm |
| 18:36 | Build | Town Center |
| 18:57 | Build | Farm |
| 19:01 | Create | Villager (Male) |
| 19:01 | Create | Villager (Male) |
| 19:01 | Create | Villager (Male) |
| 19:12 | Build | Mining Camp |
| 19:21 | Create | Archer |
| 19:21 | Create | Archer |
| 19:22 | Create | Archer |
| 19:25 | Create | Spearman |
| 19:25 | Create | Spearman |
| 19:25 | Create | Spearman |
| 19:53 | Research | Crossbowman (upgrade) |
| 20:04 | Create | Villager (Male) |
| 20:05 | Create | Villager (Male) |
| 20:23 | Create | Villager (Male) |
| 20:23 | Create | Villager (Male) |
| 20:24 | Create | Villager (Male) |
| 20:48 | Create | Villager (Male) |
| 20:48 | Create | Villager (Male) |
| 20:53 | Create | Archer |
| 20:53 | Create | Archer |
| 20:53 | Create | Archer |
| 20:53 | Create | Archer |
| 20:56 | Create | Spearman |
| 20:56 | Create | Spearman |
| 20:57 | Create | Spearman |
| 21:15 | Create | Villager (Male) |
| 21:21 | Build | Farm |
| 21:22 | Build | Farm |
| 21:23 | Build | Farm |
| 21:26 | Create | Villager (Male) |
| 21:26 | Create | Villager (Male) |
| 21:39 | Create | Archer |
| 21:39 | Create | Archer |
| 21:39 | Create | Archer |
| 22:08 | Create | Villager (Male) |
| 22:08 | Create | Villager (Male) |
| 22:10 | Create | Villager (Male) |
| 22:10 | Create | Villager (Male) |
| 22:17 | Build | Town Center |
| 22:23 | Build | House |
| 22:24 | Build | House |
| 22:25 | Build | House |
| 22:42 | Create | Archer |
| 22:51 | Research | Fletching |
| 22:58 | Create | Villager (Male) |
| 22:58 | Create | Villager (Male) |
| 23:08 | Build | House |
| 23:09 | Build | House |
| 23:10 | Build | House |
| 23:12 | Build | House |
| 23:13 | Build | House |
| 23:13 | Build | House |
| 23:15 | Build | House |
| 23:16 | Build | House |
| 24:25 | Create | Archer |
| 24:25 | Create | Archer |
| 24:25 | Create | Archer |
Build order — Booming_is_my_gamee!!!
First 150 of 402 actions detected
| 0:02 | Build | House |
| 0:04 | Build | House |
| 0:05 | Build | House |
| 0:06 | Create | Villager (Male) |
| 0:06 | Create | Villager (Male) |
| 0:07 | Create | Villager (Male) |
| 0:07 | Create | Villager (Male) |
| 0:07 | Create | Villager (Male) |
| 0:07 | Create | Villager (Male) |
| 0:44 | Build | Lumber Camp |
| 1:32 | Create | Villager (Male) |
| 1:33 | Create | Villager (Male) |
| 2:19 | Create | Villager (Male) |
| 2:20 | Create | Villager (Male) |
| 2:20 | Create | Villager (Male) |
| 2:32 | Create | Villager (Male) |
| 2:32 | Create | Villager (Male) |
| 2:32 | Create | Villager (Male) |
| 3:11 | Build | Mill |
| 3:27 | Create | Villager (Male) |
| 3:27 | Create | Villager (Male) |
| 3:40 | Create | Villager (Male) |
| 3:40 | Create | Villager (Male) |
| 4:17 | Create | Villager (Male) |
| 4:17 | Create | Villager (Male) |
| 4:18 | Create | Villager (Male) |
| 4:18 | Create | Villager (Male) |
| 4:35 | Create | Villager (Male) |
| 4:36 | Create | Villager (Male) |
| 4:36 | Create | Villager (Male) |
| 5:06 | Create | Villager (Male) |
| 5:07 | Create | Villager (Male) |
| 6:03 | Create | Villager (Male) |
| 6:04 | Create | Villager (Male) |
| 7:16 | Research | Feudal Age |
| 7:19 | Build | House |
| 7:20 | Build | House |
| 7:27 | Build | House |
| 7:28 | Build | House |
| 8:05 | Create | Villager (Male) |
| 9:10 | Create | Villager (Male) |
| 9:26 | Age | Feudal Age |
| 9:30 | Research | Double-Bit Axe |
| 9:31 | Research | Horse Collar |
| 9:44 | Build | Farm |
| 9:47 | Build | Farm |
| 9:49 | Create | Villager (Male) |
| 10:11 | Create | Villager (Male) |
| 10:20 | Build | Farm |
| 10:44 | Build | Farm |
| 10:56 | Create | Villager (Male) |
| 11:31 | Create | Villager (Male) |
| 11:42 | Build | Farm |
| 11:49 | Build | Market |
| 11:53 | Create | Villager (Male) |
| 11:59 | Build | Farm |
| 12:11 | Create | Villager (Male) |
| 12:16 | Create | Villager (Male) |
| 12:27 | Build | Farm |
| 12:32 | Build | Farm |
| 12:55 | Create | Villager (Male) |
| 13:09 | Build | Blacksmith |
| 13:40 | Create | Villager (Male) |
| 13:50 | Build | Mining Camp |
| 13:55 | Research | Castle Age |
| 14:01 | Build | House |
| 14:15 | Build | Mining Camp |
| 14:29 | Research | Stone Mining |
| 14:52 | Research | Gold Mining |
| 15:09 | Build | Barracks |
| 15:23 | Research | Scale Mail Armor |
| 15:23 | Research | Scale Mail Armor |
| 15:53 | Create | Villager (Male) |
| 15:54 | Research | Loom |
| 16:35 | Age | Castle Age |
| 16:55 | Build | Castle |
| 17:03 | Create | Villager (Male) |
| 17:10 | Build | Siege Workshop |
| 17:20 | Create | Villager (Male) |
| 17:22 | Research | Forging |
| 17:26 | Research | Squires |
| 17:26 | Research | Squires |
| 18:07 | Create | Samurai |
| 18:26 | Create | Petard |
| 18:27 | Create | Battering Ram |
| 18:50 | Create | Petard |
| 18:52 | Create | Battering Ram |
| 19:06 | Build | Farm |
| 19:08 | Create | Samurai |
| 19:08 | Create | Samurai |
| 19:09 | Create | Samurai |
| 19:34 | Create | Samurai |
| 19:34 | Create | Samurai |
| 19:34 | Create | Samurai |
| 19:35 | Create | Samurai |
| 19:37 | Create | Battering Ram |
| 19:49 | Create | Samurai |
| 19:49 | Create | Samurai |
| 20:01 | Create | Battering Ram |
| 20:01 | Create | Battering Ram |
| 20:01 | Create | Battering Ram |
| 20:04 | Create | Samurai |
| 20:04 | Create | Samurai |
| 20:05 | Create | Samurai |
| 20:39 | Create | Samurai |
| 20:40 | Create | Samurai |
| 20:40 | Create | Samurai |
| 20:40 | Create | Samurai |
| 20:44 | Create | Battering Ram |
| 20:58 | Create | Samurai |
| 20:58 | Create | Samurai |
| 21:01 | Create | Samurai |
| 21:01 | Create | Samurai |
| 21:01 | Create | Samurai |
| 21:18 | Create | Samurai |
| 21:18 | Create | Samurai |
| 21:34 | Create | Samurai |
| 21:34 | Create | Samurai |
| 22:13 | Research | Iron Casting |
| 22:14 | Research | Iron Casting |
| 22:29 | Create | Samurai |
| 22:29 | Create | Samurai |
| 22:29 | Create | Samurai |
| 22:41 | Create | Samurai |
| 22:41 | Create | Samurai |
| 22:43 | Create | Samurai |
| 22:58 | Create | Samurai |
| 22:58 | Create | Samurai |
| 22:59 | Create | Samurai |
| 23:01 | Create | Samurai |
| 23:01 | Create | Samurai |
| 23:02 | Create | Samurai |
| 23:20 | Create | Samurai |
| 23:20 | Create | Samurai |
| 23:20 | Create | Samurai |
| 23:45 | Build | Stone Wall |
| 23:56 | Build | Town Center |
| 24:39 | Create | Samurai |
| 24:43 | Create | Battering Ram |
| 25:28 | Create | Villager (Male) |
| 25:28 | Create | Villager (Male) |
| 25:28 | Create | Villager (Male) |
| 25:29 | Create | Villager (Male) |
| 25:29 | Create | Villager (Male) |
| 25:29 | Create | Villager (Male) |
| 25:57 | Create | Villager (Male) |
| 25:57 | Create | Villager (Male) |
| 25:57 | Create | Villager (Male) |
| 26:04 | Build | Farm |
| 26:21 | Create | Villager (Male) |
Build order — NPC
First 150 of 157 actions detected
| 0:01 | Create | Villager (Male) |
| 0:01 | Create | Villager (Male) |
| 0:03 | Build | House |
| 0:09 | Create | Villager (Male) |
| 0:09 | Create | Villager (Male) |
| 1:12 | Create | Villager (Male) |
| 1:47 | Build | Settlement |
| 1:54 | Create | Villager (Male) |
| 2:08 | Create | Villager (Male) |
| 2:57 | Create | Villager (Male) |
| 2:57 | Create | Villager (Male) |
| 3:26 | Create | Villager (Male) |
| 3:26 | Create | Villager (Male) |
| 3:39 | Create | Villager (Male) |
| 3:50 | Create | Villager (Male) |
| 4:22 | Create | Villager (Male) |
| 4:39 | Create | Villager (Male) |
| 5:13 | Create | Villager (Male) |
| 5:18 | Build | Settlement |
| 5:20 | Create | Villager (Male) |
| 6:00 | Create | Villager (Male) |
| 6:48 | Create | Villager (Male) |
| 6:49 | Create | Villager (Male) |
| 7:18 | Create | Villager (Male) |
| 7:56 | Research | Feudal Age |
| 9:13 | Build | Farm |
| 10:12 | Create | Villager (Male) |
| 10:16 | Build | Farm |
| 10:32 | Age | Feudal Age |
| 10:34 | Build | Market |
| 10:36 | Build | Blacksmith |
| 11:06 | Research | Castle Age |
| 11:47 | Research | Double-Bit Axe |
| 11:56 | Build | Farm |
| 12:14 | Research | Horse Collar |
| 12:19 | Build | Farm |
| 12:40 | Build | Settlement |
| 13:46 | Age | Castle Age |
| 13:47 | Create | Villager (Male) |
| 13:49 | Research | Bow Saw |
| 14:06 | Build | Farm |
| 14:12 | Research | Heavy Plow |
| 14:15 | Research | Loom |
| 14:23 | Build | Town Center |
| 14:32 | Create | Villager (Male) |
| 14:42 | Create | Villager (Male) |
| 15:06 | Build | Farm |
| 15:09 | Build | Farm |
| 15:13 | Create | Villager (Male) |
| 15:26 | Build | Farm |
| 15:35 | Build | Farm |
| 15:38 | Create | Villager (Male) |
| 15:41 | Build | Farm |
| 15:44 | Build | Farm |
| 15:50 | Build | Farm |
| 15:54 | Build | Farm |
| 15:55 | Create | Villager (Male) |
| 16:00 | Build | Farm |
| 16:16 | Create | Villager (Male) |
| 16:22 | Build | Farm |
| 16:28 | Build | Farm |
| 16:29 | Create | Villager (Male) |
| 16:43 | Create | Villager (Male) |
| 16:52 | Create | Villager (Male) |
| 16:56 | Build | Farm |
| 16:58 | Build | Farm |
| 17:00 | Build | Farm |
| 17:05 | Create | Villager (Male) |
| 17:06 | Build | Farm |
| 17:19 | Create | Villager (Male) |
| 17:25 | Build | Siege Workshop |
| 17:28 | Create | Villager (Male) |
| 17:34 | Create | Villager (Male) |
| 17:50 | Build | Farm |
| 17:57 | Create | Villager (Male) |
| 18:11 | Build | Farm |
| 18:14 | Create | Battering Ram |
| 18:20 | Create | Villager (Male) |
| 18:23 | Build | Farm |
| 18:32 | Create | Villager (Male) |
| 18:44 | Create | Villager (Male) |
| 18:55 | Create | Villager (Male) |
| 18:58 | Create | Mangonel |
| 18:59 | Create | Villager (Male) |
| 19:04 | Build | Farm |
| 19:12 | Create | Villager (Male) |
| 19:13 | Create | Villager (Male) |
| 19:16 | Research | Wheelbarrow |
| 19:34 | Create | Villager (Male) |
| 19:43 | Create | Villager (Male) |
| 19:48 | Create | Villager (Male) |
| 20:04 | Build | House |
| 20:08 | Research | Town Watch |
| 20:10 | Create | Villager (Male) |
| 20:15 | Create | Villager (Male) |
| 20:29 | Create | Villager (Male) |
| 20:38 | Create | Villager (Male) |
| 20:44 | Build | Town Center |
| 20:59 | Create | Villager (Male) |
| 21:04 | Create | Villager (Male) |
| 21:06 | Research | Hand Cart |
| 21:15 | Create | Villager (Male) |
| 21:27 | Create | Villager (Male) |
| 21:41 | Create | Villager (Male) |
| 22:05 | Create | Villager (Male) |
| 22:16 | Create | Villager (Male) |
| 22:27 | Create | Villager (Male) |
| 22:31 | Build | Farm |
| 22:31 | Build | Farm |
| 22:31 | Build | Farm |
| 22:31 | Build | Farm |
| 22:32 | Build | Farm |
| 22:32 | Build | Farm |
| 22:32 | Build | Farm |
| 22:32 | Build | Farm |
| 22:33 | Build | Farm |
| 22:34 | Build | Farm |
| 22:34 | Build | Farm |
| 22:34 | Build | Farm |
| 22:35 | Create | Villager (Male) |
| 22:35 | Create | Villager (Male) |
| 22:37 | Create | Villager (Male) |
| 22:37 | Create | Villager (Male) |
| 22:45 | Create | Villager (Male) |
| 22:50 | Build | House |
| 22:50 | Build | House |
| 22:51 | Build | House |
| 23:05 | Create | Villager (Male) |
| 23:38 | Create | Villager (Male) |
| 23:45 | Research | Town Patrol |
| 24:05 | Create | Scorpion |
| 24:18 | Research | Fletching |
| 24:32 | Create | Villager (Male) |
| 24:32 | Create | Villager (Male) |
| 24:37 | Create | Villager (Male) |
| 24:41 | Create | Villager (Male) |
| 24:57 | Create | Villager (Male) |
| 24:57 | Create | Villager (Male) |
| 25:06 | Create | Villager (Male) |
| 25:38 | Create | Villager (Male) |
| 25:38 | Create | Villager (Male) |
| 25:45 | Create | Villager (Male) |
| 25:46 | Create | Villager (Male) |
| 25:46 | Create | Villager (Male) |
| 25:46 | Create | Villager (Male) |
| 25:58 | Create | Villager (Male) |
| 25:58 | Create | Villager (Male) |
| 25:58 | Create | Villager (Male) |
| 26:06 | Create | Villager (Male) |
| 26:06 | Create | Villager (Male) |
Build order — 化劲省二
First 150 of 344 actions detected
| 0:02 | Create | Villager (Male) ×4 |
| 0:04 | Build | House |
| 0:07 | Build | House |
| 1:38 | Create | Villager (Male) |
| 2:10 | Create | Villager (Male) |
| 2:10 | Create | Villager (Male) |
| 2:33 | Create | Villager (Male) |
| 2:34 | Create | Villager (Male) |
| 2:59 | Create | Villager (Male) |
| 2:59 | Create | Villager (Male) |
| 3:23 | Create | Villager (Male) |
| 3:43 | Build | House |
| 4:05 | Create | Villager (Male) |
| 4:26 | Build | Lumber Camp |
| 4:29 | Build | House |
| 4:37 | Create | Villager (Male) |
| 4:38 | Create | Villager (Male) |
| 4:38 | Create | Villager (Male) |
| 5:09 | Create | Villager (Male) |
| 5:25 | Create | Villager (Male) |
| 5:46 | Create | Villager (Male) |
| 5:59 | Create | Villager (Male) |
| 6:38 | Build | Mill |
| 6:49 | Create | Villager (Male) |
| 7:16 | Build | Farm |
| 7:40 | Build | Farm |
| 7:43 | Create | Villager (Male) |
| 8:19 | Research | Feudal Age |
| 9:24 | Create | Villager (Male) |
| 10:08 | Create | Villager (Male) |
| 10:08 | Create | Villager (Male) |
| 10:35 | Age | Feudal Age |
| 10:38 | Build | Blacksmith |
| 10:50 | Build | Market |
| 11:12 | Research | Loom |
| 12:02 | Research | Castle Age |
| 12:02 | Research | Castle Age |
| 12:29 | Build | House |
| 12:43 | Build | Mining Camp |
| 12:58 | Create | Villager (Male) |
| 13:49 | Create | Villager (Male) |
| 13:57 | Build | House |
| 14:29 | Research | Double-Bit Axe |
| 14:42 | Age | Castle Age |
| 14:44 | Build | House |
| 15:03 | Create | Villager (Male) |
| 15:20 | Build | House |
| 15:28 | Create | Villager (Male) |
| 15:47 | Build | Castle |
| 16:15 | Create | Villager (Male) |
| 16:24 | Build | Town Center |
| 16:31 | Create | Villager (Male) |
| 16:43 | Build | Farm |
| 16:43 | Build | Farm |
| 16:44 | Build | Farm |
| 16:50 | Build | Farm |
| 17:10 | Create | Villager (Male) |
| 17:38 | Create | Villager (Male) |
| 17:59 | Build | Mining Camp |
| 18:15 | Build | Farm |
| 18:15 | Build | Farm |
| 18:15 | Build | Farm |
| 18:16 | Build | Farm |
| 18:16 | Build | Farm |
| 18:16 | Build | Farm |
| 18:17 | Build | Farm |
| 18:18 | Create | Villager (Male) |
| 18:37 | Build | Farm |
| 18:39 | Create | Villager (Male) |
| 18:53 | Build | Farm |
| 19:04 | Create | Villager (Male) |
| 19:33 | Create | Villager (Male) |
| 19:34 | Create | Villager (Male) |
| 19:49 | Build | Farm |
| 19:49 | Build | Farm |
| 19:50 | Build | Farm |
| 19:50 | Build | Farm |
| 19:50 | Build | Farm |
| 20:10 | Build | Castle |
| 20:23 | Create | Villager (Male) |
| 20:23 | Create | Villager (Male) |
| 20:39 | Create | Villager (Male) |
| 20:39 | Create | Villager (Male) |
| 21:07 | Create | Villager (Male) |
| 21:08 | Create | Villager (Male) |
| 21:11 | Build | Farm |
| 21:11 | Build | Farm |
| 21:12 | Build | Farm |
| 21:12 | Build | Farm |
| 21:33 | Create | Villager (Male) |
| 21:33 | Create | Villager (Male) |
| 21:46 | Build | Farm |
| 21:47 | Build | Farm |
| 21:47 | Build | Farm |
| 21:47 | Build | Farm |
| 21:48 | Build | Farm |
| 22:11 | Create | Villager (Male) |
| 22:11 | Create | Villager (Male) |
| 22:23 | Create | Villager (Male) |
| 22:23 | Create | Villager (Male) |
| 22:36 | Build | Siege Workshop |
| 22:44 | Build | Siege Workshop |
| 22:54 | Create | Villager (Male) |
| 22:55 | Create | Villager (Male) |
| 22:56 | Create | Villager (Male) |
| 23:11 | Create | Villager (Male) |
| 23:12 | Create | Villager (Male) |
| 23:23 | Create | Villager (Male) |
| 23:30 | Research | Horse Collar |
| 24:27 | Create | Villager (Male) |
| 24:29 | Create | Villager (Male) |
| 24:29 | Create | Villager (Male) |
| 24:29 | Create | Villager (Male) |
| 24:42 | Research | Heavy Plow |
| 24:50 | Create | Villager (Male) |
| 24:53 | Research | Bow Saw |
| 25:25 | Create | Villager (Male) |
| 25:26 | Create | Villager (Male) |
| 26:00 | Research | Wheelbarrow |
| 26:11 | Create | Villager (Male) |
| 26:13 | Create | Villager (Male) |
| 26:28 | Build | Gate |
| 26:32 | Create | Villager (Male) |
| 26:45 | Create | Villager (Male) |
| 26:50 | Build | Town Center |
| 26:53 | Create | Villager (Male) |
| 27:15 | Build | Gate |
| 27:21 | Create | Villager (Male) |
| 27:42 | Build | Mining Camp |
| 27:45 | Create | Villager (Male) |
| 27:45 | Create | Villager (Male) |
| 27:45 | Create | Villager (Male) |
| 28:09 | Create | Villager (Male) |
| 28:09 | Create | Villager (Male) |
| 28:23 | Build | Farm |
| 28:30 | Build | Farm |
| 28:30 | Build | Farm |
| 28:33 | Create | Villager (Male) |
| 28:34 | Create | Villager (Male) |
| 28:38 | Create | Villager (Male) |
| 28:48 | Build | Farm |
| 28:48 | Build | Farm |
| 28:48 | Build | Farm |
| 28:55 | Build | Farm |
| 28:57 | Build | Farm |
| 29:00 | Create | Villager (Male) |
| 29:00 | Create | Villager (Male) |
| 29:01 | Create | Villager (Male) |
| 29:22 | Build | University |
| 29:28 | Create | Villager (Male) |
Build order — Halsey
First 150 of 350 actions detected
| 0:03 | Create | Villager (Male) ×4 |
| 0:05 | Build | House |
| 0:08 | Build | House |
| 1:27 | Create | Villager (Male) |
| 1:27 | Create | Villager (Male) |
| 1:28 | Create | Villager (Male) |
| 2:06 | Create | Villager (Male) |
| 2:24 | Create | Villager (Male) |
| 2:24 | Create | Villager (Male) |
| 2:57 | Create | Villager (Male) |
| 2:57 | Create | Villager (Male) |
| 3:06 | Build | Mill |
| 3:09 | Build | House |
| 3:10 | Build | House |
| 3:12 | Build | House |
| 3:23 | Create | Villager (Male) |
| 3:23 | Create | Villager (Male) |
| 3:23 | Create | Villager (Male) |
| 3:49 | Create | Villager (Male) |
| 3:49 | Create | Villager (Male) |
| 3:49 | Create | Villager (Male) |
| 4:09 | Create | Villager (Male) |
| 4:10 | Create | Villager (Male) |
| 4:34 | Create | Villager (Male) |
| 4:35 | Create | Villager (Male) |
| 4:59 | Create | Villager (Male) |
| 5:05 | Build | Lumber Camp |
| 5:32 | Create | Villager (Male) |
| 5:38 | Create | Villager (Male) |
| 6:09 | Create | Villager (Male) |
| 6:45 | Create | Villager (Male) |
| 7:03 | Create | Villager (Male) |
| 7:18 | Build | Farm |
| 7:19 | Create | Villager (Male) |
| 7:41 | Build | Farm |
| 8:01 | Create | Villager (Male) |
| 8:06 | Build | Farm |
| 8:21 | Create | Villager (Male) |
| 8:33 | Build | Mining Camp |
| 8:48 | Create | Villager (Male) |
| 9:09 | Create | Villager (Male) |
| 9:21 | Research | Feudal Age |
| 9:59 | Build | House |
| 11:01 | Create | Villager (Male) |
| 11:52 | Age | Feudal Age |
| 12:01 | Build | Blacksmith |
| 12:05 | Build | Market |
| 12:13 | Create | Villager (Male) |
| 12:44 | Create | Villager (Male) |
| 13:14 | Research | Castle Age |
| 13:47 | Research | Double-Bit Axe |
| 14:06 | Research | Horse Collar |
| 14:30 | Build | Farm |
| 14:32 | Build | Farm |
| 14:34 | Build | Farm |
| 14:36 | Build | Farm |
| 14:37 | Build | Farm |
| 14:38 | Build | Farm |
| 14:39 | Build | Farm |
| 14:44 | Research | Loom |
| 15:54 | Age | Castle Age |
| 16:01 | Build | Town Center |
| 16:04 | Build | Town Center |
| 16:18 | Research | Bow Saw |
| 16:20 | Create | Villager (Male) |
| 16:22 | Create | Villager (Male) |
| 16:51 | Build | House |
| 17:04 | Create | Villager (Male) |
| 17:19 | Create | Villager (Male) |
| 17:31 | Build | Farm |
| 17:32 | Build | Farm |
| 17:35 | Create | Villager (Male) |
| 17:38 | Create | Villager (Male) |
| 17:43 | Build | House |
| 17:48 | Create | Villager (Male) |
| 17:49 | Create | Villager (Male) |
| 17:55 | Create | Villager (Male) |
| 18:13 | Create | Villager (Male) |
| 18:25 | Build | Farm |
| 18:27 | Create | Villager (Male) |
| 18:31 | Build | Farm |
| 18:34 | Create | Villager (Male) |
| 18:35 | Create | Villager (Male) |
| 18:38 | Build | Farm |
| 18:40 | Build | Farm |
| 18:42 | Build | Farm |
| 18:46 | Build | Farm |
| 18:52 | Create | Villager (Male) |
| 18:53 | Create | Villager (Male) |
| 18:55 | Create | Villager (Male) |
| 19:13 | Build | Town Center |
| 19:18 | Create | Villager (Male) |
| 19:22 | Create | Villager (Male) |
| 19:23 | Create | Villager (Male) |
| 19:27 | Build | House |
| 19:39 | Build | House |
| 19:41 | Build | House |
| 19:42 | Create | Villager (Male) |
| 19:43 | Create | Villager (Male) |
| 19:43 | Create | Villager (Male) |
| 19:49 | Build | Farm |
| 19:50 | Build | Farm |
| 20:03 | Build | Farm |
| 20:05 | Build | Farm |
| 20:06 | Build | Farm |
| 20:09 | Create | Villager (Male) |
| 20:16 | Create | Villager (Male) |
| 20:17 | Create | Villager (Male) |
| 20:17 | Create | Villager (Male) |
| 20:21 | Build | Farm |
| 20:22 | Build | Farm |
| 20:23 | Build | Farm |
| 20:24 | Build | Farm |
| 20:44 | Create | Villager (Male) |
| 20:44 | Create | Villager (Male) |
| 20:46 | Create | Villager (Male) |
| 20:52 | Create | Villager (Male) |
| 20:55 | Build | Farm |
| 20:57 | Build | Farm |
| 20:58 | Build | Farm |
| 21:14 | Create | Villager (Male) |
| 21:15 | Create | Villager (Male) |
| 21:16 | Create | Villager (Male) |
| 21:21 | Create | Villager (Male) |
| 21:24 | Build | Farm |
| 21:32 | Create | Villager (Male) |
| 21:33 | Create | Villager (Male) |
| 21:33 | Create | Villager (Male) |
| 21:49 | Build | Town Center |
| 21:55 | Create | Villager (Male) |
| 21:56 | Create | Villager (Male) |
| 21:56 | Create | Villager (Male) |
| 21:56 | Create | Villager (Male) |
| 21:57 | Create | Villager (Male) |
| 22:00 | Build | Farm |
| 22:02 | Create | Villager (Male) |
| 22:11 | Research | Stone Mining |
| 22:15 | Create | Villager (Male) |
| 22:16 | Create | Villager (Male) |
| 22:16 | Create | Villager (Male) |
| 22:21 | Create | Villager (Male) |
| 22:22 | Create | Villager (Male) |
| 22:29 | Create | Villager (Male) |
| 22:30 | Create | Villager (Male) |
| 22:33 | Build | Farm |
| 22:34 | Build | Farm |
| 22:38 | Build | Farm |
| 22:39 | Build | Farm |
| 22:41 | Build | Farm |
| 22:50 | Create | Villager (Male) |
Match timeline
| 9:26 | Booming_is_my_gamee!!! · age_up feudal |
| 10:32 | NPC · age_up feudal |
| 10:35 | 化劲省二 · age_up feudal |
| 11:12 | Torpenhow · age_up feudal |
| 11:36 | Preft · first_building Barracks |
| 11:52 | Halsey · age_up feudal |
| 11:55 | evren000000 · age_up feudal |
| 11:57 | 化劲省二 · first_market_sell 100 stone |
| 12:04 | Torpenhow · first_market_sell 100 wood |
| 12:09 | MarySable · age_up feudal |
| 12:16 | Preft · age_up feudal |
| 12:55 | Preft · first_building Archery Range |
| 13:46 | NPC · age_up castle |
| 14:42 | 化劲省二 · age_up castle |
| 15:00 | Torpenhow · age_up castle |
| 15:09 | Booming_is_my_gamee!!! · first_building Barracks |
| 15:26 | evren000000 · age_up castle |
| 15:39 | 化劲省二 · first_market_buy 100 stone |
| 15:47 | 化劲省二 · first_building Castle |
| 15:54 | Halsey · age_up castle |
| 15:58 | evren000000 · first_market_buy 100 stone |
| 16:35 | Booming_is_my_gamee!!! · age_up castle |
| 16:43 | evren000000 · first_market_sell 100 wood |
| 16:55 | Booming_is_my_gamee!!! · first_building Castle |
| 17:02 | evren000000 · first_building Castle |
| 17:10 | Booming_is_my_gamee!!! · first_building Siege Workshop |
| 17:14 | evren000000 · first_building Siege Workshop |
| 17:23 | Torpenhow · first_building Barracks |
| 17:25 | NPC · first_building Siege Workshop |
| 17:26 | Preft · wall_segment Stone Wall x4 |
| 17:37 | Preft · age_up castle |
| 18:24 | evren000000 · wall_segment Stone Wall x1 |
| 18:41 | Torpenhow · first_market_buy 100 wood |
| 18:49 | Torpenhow · first_building Stable |
| 19:08 | Halsey · first_market_buy 100 stone |
| 19:37 | MarySable · age_up castle |
| 19:45 | Booming_is_my_gamee!!! · first_market_sell 100 stone |
| 19:48 | Torpenhow · first_building Archery Range |
| 20:10 | MarySable · first_building Barracks |
| 21:44 | Booming_is_my_gamee!!! · first_market_buy 100 food |
| 22:00 | evren000000 · wall_segment Palisade Wall x5 |
| 22:07 | evren000000 · wall_segment Palisade Wall x4 |
| 22:10 | evren000000 · wall_segment Palisade Wall x4 |
| 22:36 | 化劲省二 · first_building Siege Workshop |
| 22:59 | MarySable · first_building Stable |
| 23:45 | Booming_is_my_gamee!!! · wall_segment Stone Wall x1 |
| 24:17 | MarySable · first_building Monastery |
| 25:49 | Halsey · first_building Siege Workshop |
| 26:13 | MarySable · first_building Castle |
| 26:44 | NPC · wall_segment Stone Wall x1 |
| 27:11 | Halsey · first_building Castle |
| 27:25 | NPC · resign |
| 28:33 | MarySable · age_up imperial |
| 28:38 | Halsey · first_building Barracks |
| 30:11 | Halsey · first_building Stable |
| 30:36 | evren000000 · wall_segment Stone Wall x1 |
| 30:39 | Halsey · age_up imperial |
| 32:11 | evren000000 · age_up imperial |
| 32:24 | MarySable · first_building Siege Workshop |
| 33:35 | Torpenhow · first_building Monastery |
| 34:43 | MarySable · first_market_sell 100 stone |
| 36:03 | 化劲省二 · age_up imperial |
| 37:12 | Booming_is_my_gamee!!! · age_up imperial |
| 37:53 | Torpenhow · age_up imperial |
| 38:21 | Torpenhow · first_building Castle |
| 38:53 | Halsey · first_market_sell 500 food |
[ AI ANALYSIS · 1 CREDIT ]
What really happened in this match?
Wolo.gg analyzes every decision: build order, eco, micro, common mistakes by bracket. Personalized analysis on WhatsApp or Discord in 30 seconds.
Civ guide
Turks
Perfil
Jugador #24322727